 Dungeon Crawl Stone Soup version 0.26-a0-365-g11c2b627af (webtiles) character file.

Game seed: 6405369421456431060

20 AlyK the Slasher (level 2, -1/29 HPs)
             Began as a Gnoll Chaos Knight on July 19, 2020.
             Was a Plaything of Xom.
             Slain by an ufetubus (2 damage)
             ... summoned by Xom
             ... on level 1 of the Dungeon.
             The game lasted 00:03:48 (20901 turns).

AlyK the Slasher (Gnoll Chaos Knight)              Turns: 20901, Time: 00:03:50

Health: -1/29      AC:  9    Str: 14      XL:     2   Next: 79%
Magic:  2/2        EV:  9    Int: 12 (14) God:    Xom [*.....]
Gold:   47         SH:  8    Dex: 14      Spells: 2/2 levels left

rFire    . . .     SeeInvis .   a - +0 falchion (chaos)
rCold    + . .     Faith    .   l - +1 kite shield {rC+}
rNeg     . . .     Spirit   .   b - +2 leather armour
rPois    .         Reflect  .   h - +1 hat
rElec    .         Harm     .   (no cloak)
rCorr    .         Clarity  +   (no gloves)
MR       .....                  (no boots)
Stlth    +.........             (no amulet)
HPRegen  0.49/turn              (no ring)
MPRegen  0.08/turn              (no ring)

@: drained
A: distributed training, fangs 1, talons 1, rugged brown scales 1, slimy green
scales 1, blink, clarity, low mp 1, mutation resistance 1, regeneration 1,
screaming 1, MP-powered wands, strong nose
a: Blink, Renounce Religion


You were on level 1 of the Dungeon.
You worshipped Xom.
You were a special plaything of Xom.
You visited 1 branch of the dungeon, and saw 1 of its levels.

You collected 47 gold pieces.

Inventory:

Hand Weapons
 a - a +0 falchion of chaos (weapon)
Missiles
 j - 23 stones (quivered)
 k - 41 sling bullets
Armour
 b - a +2 leather armour (worn)
 h - a +1 hat (worn)
 l - a +1 kite shield of cold resistance (worn)
Wands
 i - a wand of acid (13)
 m - a wand of enslavement (11)
 o - a wand of paralysis (8)
Scrolls
 d - 4 scrolls of identify {unknown}
 f - a scroll of teleportation {unknown}
 n - a scroll of amnesia
 p - a scroll of noise {unknown}
 r - a scroll of brand weapon {unknown}
Potions
 c - a potion of mutation {unknown}
 e - a potion of brilliance {unknown}
 g - a potion of lignification {unknown}
 q - a potion of magic {unknown}


   Skills:
 + Level 6.5(5.2) Fighting
 + Level 0.5(0.0) Short Blades
 + Level 6.5(5.2) Long Blades
 + Level 0.5(0.0) Axes
 + Level 0.5(0.0) Maces & Flails
 + Level 0.5(0.0) Polearms
 + Level 0.5(0.0) Staves
 + Level 0.5(0.0) Slings
 + Level 0.5(0.0) Bows
 + Level 0.5(0.0) Crossbows
 + Level 0.5(0.0) Throwing
 + Level 4.5(3.3) Armour
 + Level 2.5(1.4) Dodging
 + Level 0.5(0.0) Stealth
 + Level 0.5(0.0) Shields
 + Level 0.5(0.0) Unarmed Combat
 + Level 0.5(0.0) Spellcasting
 + Level 0.3(0.0) Conjurations
 + Level 0.3(0.0) Hexes
   Level 0.0 Charms
 + Level 0.3(0.0) Summonings
 + Level 0.3(0.0) Necromancy
 + Level 0.3(0.0) Translocations
 + Level 0.3(0.0) Transmutations
 + Level 0.3(0.0) Fire Magic
 + Level 0.3(0.0) Ice Magic
 + Level 0.3(0.0) Air Magic
 + Level 0.3(0.0) Earth Magic
 + Level 0.3(0.0) Poison Magic
 + Level 0.6(0.0) Invocations
 + Level 0.5(0.0) Evocations


You had 2 spell levels left.
You didn't know any spells.
Your spell library was empty.

Dungeon Overview and Level Annotations

Branches:
Dungeon (1/15)

Altars:
Xom


Innate Abilities, Weirdness & Mutations

Your experience applies equally to all skills.
You have very sharp teeth.
Your uncanny sense of smell can sniff out nearby items.
You have sharp toenails.
You are partially covered in rugged brown scales. (AC +1, +3% HP)
You are partially covered in slimy green scales. (AC +2)
You can translocate small distances at will.
You possess an exceptional clarity of mind.
Your magical capacity is low. (-10% MP)
You are somewhat resistant to further mutation.
Your natural rate of healing is unusually fast.
You occasionally shout uncontrollably at your foes.
You expend magic power (3 MP) to strengthen your wands.


Message History

You kill the iron imp!
The shadow imp gestures at you. Pain shoots through your body!
* * * LOW HITPOINT WARNING * * *
The shadow imp closely misses you.
You miss the ufetubus. Your kick misses the ufetubus.
You block the ufetubus's attack. The ufetubus barely misses you.
The shadow imp hits you.
* * * LOW HITPOINT WARNING * * *
You block the shadow imp's attack. You block the ufetubus's attack.
The ufetubus hits you but does no damage.
As you read the scroll labeled DAR HIEROIMA {god gift}, it crumbles to dust.
It is a scroll of amnesia.
You feel forgetful for a moment.
Xom is amused.
The ufetubus hits you but does no damage. x2
The shadow imp hits you but does no damage.
You block the shadow imp's attack. The ufetubus hits you.
You die... "I guess I need a new plaything now."

.## ##.......## ##.##.#
..###.........####...#.#
....).........+........#
..............####.).###
#.###........######.#####
#.# #.#.....## #_.......#
..# #.##...## #_##.###†#
### #.###'## #5##.# #.#
#.# #.# #@##.###.#
#####.# #.# #55_____.#
......###.## ####_#####
########...## #.#
#.....#######.#
##...###......# ######
##.## #.######
.....####.####.#
##.#...[.......#


You could see 2 shadow imps and an ufetubus (summoned).

Vanquished Creatures
  3 bats (D:1)
  4 goblins (D:1)
  2 hobgoblins (D:1)
  6 frilled lizards (D:1)
  3 kobolds (D:1)
  2 rats (D:1)
20 creatures vanquished.

Notes
Turn   | Place    | Note
-------+----------+-------------------------------------------
     0 | D:1      | AlyK the Gnoll Chaos Knight began the quest for the Orb.
     0 | D:1      | Reached XP level 1. HP: 23/23 MP: 1/1
    78 | D:1      | Reached XP level 2. HP: 27/29 MP: 2/2
  1097 | D:1      | XOM: god gift: 20 gold pieces
  1149 | D:1      | XOM: scenery: create altars
  1217 | D:1      | XOM: give mutation
  1217 | D:1      | Gained mutation: Your magical capacity is low. (-10% MP)
                  | [Xom's mischief]
  1552 | D:1      | XOM: silly message
  1614 | D:1      | XOM: cloud trail
  1946 | D:1      | XOM: give mutation
  1946 | D:1      | Gained mutation: You are surrounded by a mild repulsion
                  | field. (EV +2) [Xom's grace]
  2092 | D:1      | XOM: give mutations
  2092 | D:1      | Gained mutation: You are partially covered in slimy green
                  | scales. (AC +2) [Xom's mischief]
  2092 | D:1      | Gained mutation: You occasionally shout uncontrollably at
                  | your foes. [Xom's mischief]
  2402 | D:1      | XOM is BORED!
  2402 | D:1      | XOM: give mutations
  2402 | D:1      | Gained mutation: You are clumsy. (Dex -2) [Xom's mischief]
  2402 | D:1      | Gained mutation: You are frail. (-10% HP) [Xom's mischief]
  2402 | D:1      | Gained mutation: Your body sometimes deteriorates upon
                  | taking damage. [Xom's mischief]
  2402 | D:1      | Gained mutation: You are dopey. (Int -2) [Xom's mischief]
  2576 | D:1      | XOM: scenery: summon butterflies
  3176 | D:1      | XOM: god gift: embroidered hat {god gift}
  3447 | D:1      | XOM: cloud trail
  4197 | D:1      | XOM: divination: detect creatures
  4223 | D:1      | XOM: silly message
  4298 | D:1      | XOM: silly message
  4750 | D:1      | XOM: noise
  5021 | D:1      | XOM: silly message
  5071 | D:1      | XOM: silly message
  5355 | D:1      | XOM: silly message
  5624 | D:1      | XOM: silly message
  5802 | D:1      | XOM: silly message
  6199 | D:1      | XOM: divination: detect items
  6440 | D:1      | XOM: god gift: wand of acid (9)
  6874 | D:1      | XOM: god gift: 23 stones
  7202 | D:1      | XOM: god gift: 20 sling bullets
  7220 | D:1      | XOM: god gift: shiny kite shield {god gift}
  7257 | D:1      | XOM: divination: magic mapping
  7431 | D:1      | XOM: silly message
  7444 | D:1      | XOM: god gift: wand of acid (4)
  7455 | D:1      | XOM: god gift: wand of paralysis (8)
  7735 | D:1      | XOM: god gift: scroll labeled DAR HIEROIMA {god gift}
  7972 | D:1      | XOM is BORED!
  7972 | D:1      | XOM: noise
  8031 | D:1      | XOM is BORED!
  8603 | D:1      | XOM: draining
  8852 | D:1      | XOM: god gift: wand of enslavement (11)
  9128 | D:1      | XOM: summons 1 hostile shadow creature
  9608 | D:1      | XOM: stat loss: -1 Int (11/12)
  9658 | D:1      | XOM: noise
  9702 | D:1      | XOM: scenery: summon butterflies
  9898 | D:1      | XOM: god gift: scroll labeled OPSURO XAGHEPE {god gift}
  9929 | D:1      | XOM: cloud trail
 10624 | D:1      | XOM: noise
 10927 | D:1      | XOM: god gift: cyan potion {god gift}
 10977 | D:1      | XOM is BORED!
 11562 | D:1      | XOM: divination: detect items
 11827 | D:1      | XOM: give mutations
 11827 | D:1      | Gained mutation: You expend magic power (3 MP) to
                  | strengthen your wands. [Xom's grace]
 11827 | D:1      | Gained mutation: You can translocate small distances at
                  | will. [Xom's grace]
 11827 | D:1      | Gained mutation: Your natural rate of healing is unusually
                  | fast. [Xom's grace]
 12088 | D:1      | XOM: god gift: scroll labeled DAR HIEROIMA {god gift}
 12357 | D:1      | XOM is BORED!
 12405 | D:1      | XOM: god gift: scroll labeled NOFUOV ZERIMO {god gift}
 12490 | D:1      | XOM: give mutations
 12490 | D:1      | Gained mutation: Armour fits poorly on your strangely
                  | shaped body. [Xom's mischief]
 12490 | D:1      | Lost mutation: Armour fits poorly on your strangely shaped
                  | body. [Xom's mischief]
 13860 | D:1      | XOM: summons 4 hostile shadow creatures
 13871 | D:1      | XOM: polymorph kobold -> gnoll
 14399 | D:1      | XOM: stat loss: -1 Int (10/12)
 14416 | D:1      | XOM: cloud trail
 15223 | D:1      | XOM: give mutations
 15223 | D:1      | Gained mutation: You have sharp toenails. [Xom's grace]
 15223 | D:1      | Lost mutation: You are frail. (-10% HP) [Xom's grace]
 15247 | D:1      | XOM: divination: detect items
 16188 | D:1      | XOM: god gift: 21 sling bullets
 16204 | D:1      | XOM: give mutations
 16204 | D:1      | Lost mutation: You are clumsy. (Dex -2) [Xom's grace]
 16204 | D:1      | Gained mutation: You have razor-sharp toenails. [Xom's
                  | grace]
 16204 | D:1      | Gained mutation: You possess an exceptional clarity of
                  | mind. [Xom's grace]
 16246 | D:1      | XOM: scenery: summon butterflies
 16745 | D:1      | XOM: summons 1 hostile shadow creature
 16754 | D:1      | XOM: scenery: summon butterflies
 17137 | D:1      | XOM: noise
 18320 | D:1      | XOM is BORED!
 18320 | D:1      | XOM: give mutations
 18320 | D:1      | Lost mutation: You are dopey. (Int -2) [Xom's mischief]
 18320 | D:1      | Lost mutation: You have razor-sharp toenails. [Xom's
                  | mischief]
 18460 | D:1      | XOM: give mutations
 18460 | D:1      | Lost mutation: You are surrounded by a mild repulsion
                  | field. (EV +2) [Xom's mischief]
 18460 | D:1      | Lost mutation: Your body sometimes deteriorates upon taking
                  | damage. [Xom's mischief]
 19314 | D:1      | XOM: give mutations
 19314 | D:1      | Gained mutation: You are somewhat resistant to further
                  | mutation. [Xom's mischief]
 19314 | D:1      | Gained mutation: You are partially covered in rugged brown
                  | scales. (AC +1, +3% HP) [Xom's mischief]
 20031 | D:1      | XOM: divination: detect items
 20494 | D:1      | XOM: scenery: create altars
 20773 | D:1      | XOM: torment (16/29 hp)
 20883 | D:1      | XOM: summons 2 hostile demons
 20895 | D:1      | XOM: summons 2 hostile demons
 20900 | D:1      | HP: 1/29 [shadow imp[Xom] (2)]
 20901 | D:1      | Slain by an ufetubus

Illustrated notes

Levels and vault maps discovered:
D:1:      dpeg_arrival_tiny_f, layout_loops_corners

Action                   || total
-------------------------++-------
Melee: Falchion          ||    69
       Bite              ||    15
       Kick              ||     4
  Use: Scroll            ||     1
 Stab: Sleeping          ||     2
Armor: Leather armour    ||    38
Dodge: Dodged            ||    55
Block: Kite shield       ||    29
       Rpst.: Falchion   ||    18

Table legend: (Time is in decaauts) A = Elapsed time spent in this place. B = Non-inter-level travel time spent in this place. C = Inter-level travel time spent in this place. D = Time resting spent in this place. E = Time spent auto-exploring this place. F = Levels seen in this place. G = Mean time per level. A B C D E F G +--------+--------+--------+--------+--------+-----+--------+ Total | 20905 | 20905 | 0 | 20001 | 672 | 1 | 20905.0 | Dungeon | 20905 | 20905 | 0 | 20001 | 672 | 1 | 20905.0 | +--------+--------+--------+--------+--------+-----+--------+
